Map: Emerald City LE

Players

OpuS - Winner!

  • Race: Protoss Protoss
  • Spawn Location: 5:00

Sketchaphone - Winner!

  • Race: Zerg Zerg
  • Spawn Location: 5:00

EUSEY

  • Race: Terran Terran
  • Spawn Location: 11:00

Spatule

  • Race: Terran Terran
  • League: Platinum
  • Spawn Location: 11:00

VOD

Have the link to the VOD?

Description

Time

  • Played on: Jan. 22, 2019, 2:08 p.m.
  • Length: 11:37
Show
View Real Time Build Order
Export as new Build Order

OpuS Protoss - Winner!

Build Orders:  

Get SALT Encoding   

  12  0:00  Probe  
  13  0:13  Probe  
  14  0:17  Pylon  
  14  0:25  Probe  
  15  0:38  Gateway  
  15  0:39  Probe  
  16  0:51  Probe, Assimilator  
  17  1:01  Probe  
  18  1:08  Gateway  
  18  1:09  Probe  
  18  1:17  Probe  
  18  1:18  Pylon  
  20  1:26  Cybernetics Core  
  20  1:28  Probe  
  21  1:36  Probe  
  21  1:44  Probe, Assimilator  
  23  2:06  Adept x2  
  23  2:07  Warp Gate  
  27  2:13  Pylon  
  26  2:32  Nexus  
  26  2:42  Adept  
  28  2:45  Adept  
  30  2:52  Probe  
  31  3:02  Twilight Council  
  31  3:08  Probe  
  32  3:16  Gateway  
  32  3:25  Sentry x2  
  36  3:30  Gateway  
  36  3:35  Resonating Glaives  
  35  3:44  Probe x2  
  37  3:56  Probe x2  
  39  4:08  Probe x2  
  41  4:12  Pylon  
  41  4:18  Sentry x2  
  41  4:20  Sentry  
  41  4:23  Probe x2  
  49  4:32  Pylon  
  49  4:35  Probe x2  
  51  4:47  Probe x2  
  51  4:51  Assimilator  
  53  4:56  Assimilator  
  53  4:59  Probe  
  54  5:04  Probe  
  55  5:07  Nexus  
  55  5:11  Probe  
  46  5:34  Adept x3  
  46  5:35  Adept  
  46  5:36  Probe x2  
  48  5:46  Robotics Facility  
  48  5:48  Probe  
  48  5:49  Probe  
  50  5:55  Adept x4  
  58  6:00  Probe  
  58  6:01  Probe  
  60  6:13  Probe x2  
  60  6:15  Adept x2  
  60  6:16  Adept x2  
  70  6:21  Pylon  
  70  6:23  Pylon  
  70  6:25  Pylon  
  70  6:29  Probe x3  
  73  6:40  Stalker x3  
  73  6:41  Stalker  
  77  6:50  Probe x3  
  77  6:53  Pylon  
  80  6:56  Pylon  
  80  7:02  Probe  
  81  7:09  Stalker  
  81  7:10  Stalker x3  
  73  7:40  Adept x4  
  73  7:44  Probe x3  
  74  7:46  Assimilator  
  74  7:50  Assimilator  
  73  7:51  Robotics Bay  
  73  7:56  Probe x3  
  76  8:02  Adept x4  
  84  8:08  Robotics Bay, Probe x2  
  86  8:14  Gateway  
  86  8:17  Gateway  
  86  8:18  Gateway  
  86  8:19  Probe  
  87  8:20  Probe x2  
  87  8:21  Gateway  
  87  8:23  Stalker x2  
  87  8:24  Stalker  
  87  8:25  Stalker  
  97  8:31  Probe  
  98  8:37  Blink  
  98  8:57  Pylon  
  98  8:58  Pylon  
  98  9:00  Pylon  
  87  9:19  Stalker  
  87  9:20  Stalker x6  
  87  9:21  Stalker  
  103  9:25  Probe x2  
  105  9:31  Robotics Facility  
  105  9:37  Robotics Facility  
  105  9:38  Colossus  
  105  9:41  Robotics Facility  
  111  9:45  Adept  
  111  9:46  Adept x5  
  111  9:47  Adept x2  
  111  9:52  Templar Archives  
  127  10:08  Nexus  
  127  10:11  Pylon  
  127  10:12  Pylon  
  127  10:14  Pylon  
  127  10:16  Pylon  
  115  10:45  Forge  
  115  10:46  Forge  
  113  10:53  Forge  
  113  11:08  Probe x3  
  116  11:12  Adept x2  
  116  11:13  Adept x6  
  132  11:18  Gateway  
  132  11:20  Probe, Gateway  
  132  11:22  Gateway  
  132  11:25  Gateway  
Show
View Real Time Build Order
Export as new Build Order

Sketchaphone Zerg - Winner!

Build Orders: Pool First, Lurkers 

Get SALT Encoding   

  12  0:23  Spawning Pool  
  12  0:24  Drone  
  12  0:26  Drone  
  13  0:30  Drone  
  14  0:43  Overlord  
  14  0:49  Drone, Extractor  
  15  1:03  Drone  
  16  1:07  Drone  
  18  1:18  Drone  
  18  1:22  Hatchery  
  17  1:30  Drone  
  17  1:31  Extractor  
  17  1:36  Queen  
  19  1:44  Drone  
  20  1:50  Overlord  
  20  2:07  Drone  
  21  2:12  Drone  
  22  2:19  Queen  
  24  2:24  Drone  
  25  2:35  Queen  
  27  2:42  Drone  
  28  2:53  Drone x2  
  28  2:54  Drone x3  
  33  3:00  Spine Crawler  
  33  3:01  Drone  
  33  3:13  Zergling x4  
  33  3:15  Drone  
  33  3:19  Overlord  
  36  3:27  Lair  
  36  3:32  Metabolic Boost  
  36  3:45  Hatchery  
  35  3:57  Drone x4  
  35  3:58  Drone x3  
  35  3:59  Overlord  
  35  4:00  Overlord  
  35  4:01  Zergling x2  
  43  4:16  Drone  
  44  4:17  Overlord  
  44  4:21  Drone x3  
  47  4:25  Drone, Extractor x2  
  47  4:26  Zergling x4  
  47  4:27  Extractor  
  47  4:31  Evolution Chamber  
  46  4:32  Evolution Chamber, Drone  
  46  4:52  Drone  
  47  4:53  Drone x7  
  47  4:59  Zerg Missile Weapons Level 1  
  54  5:01  Hydralisk Den, Zerg Ground Armor Level 1  
  54  5:04  Drone  
  54  5:07  Drone  
  52  5:29  Burrow  
  52  5:33  Grooved Spines  
  52  5:34  Lurker Den  
  51  5:39  Drone x3, Extractor  
  51  5:40  Drone x5  
  51  5:42  Overlord  
  58  5:43  Hydralisk x2  
  62  5:56  Overlord, Drone x2  
  64  5:58  Overlord  
  64  6:07  Queen  
  66  6:17  Pneumatized Carapace  
  66  6:18  Hydralisk  
  66  6:19  Hydralisk x4  
  76  6:39  Queen  
  78  6:50  Muscular Augments, Hydralisk x6  
  90  6:56  Overlord x4  
  90  7:09  Overlord  
  90  7:10  Overlord, Hatchery  
  90  7:11  Overlord  
  83  7:31  Lurker  
  83  7:32  Lurker x2  
  83  7:33  Lurker  
  87  7:45  Zerg Missile Weapons Level 2  
  87  7:50  Infestation Pit  
  86  7:57  Extractor  
  80  8:30  Hydralisk x2  
  84  8:52  Lurker x2  
  86  8:59  Hatchery, Hydralisk x10  
  105  9:06  Hydralisk  
  105  9:08  Hatchery  
  106  9:27  Hive  
  106  9:28  Zergling x18  
  115  9:37  Lurker x2  
  117  9:42  Overlord  
  117  9:55  Hydralisk x2  
  121  10:11  Queen  
  121  10:12  Queen x2  
  121  10:13  Overlord x2  
  121  10:14  Hydralisk x6  
  139  10:26  Zergling x16  
  141  11:08  Hydralisk x10  
  141  11:10  Zergling x14  
  141  11:11  Zergling x2  
Show
View Real Time Build Order
Export as new Build Order

EUSEY Terran 

Build Orders:  

Get SALT Encoding   

  12  0:04  SCV  
  13  0:17  Supply Depot  
  13  0:19  SCV  
  14  0:31  SCV  
  14  0:33  Supply Depot  
  15  0:45  Refinery  
  15  0:55  SCV  
  16  0:57  Barracks  
  16  1:03  Barracks  
  16  1:14  SCV  
  17  1:26  SCV  
  18  1:36  Supply Depot  
  18  1:38  SCV  
  19  1:40  Refinery  
  19  1:49  Reaper  
  19  1:50  SCV  
  21  1:54  Reaper  
  22  2:02  SCV  
  23  2:15  SCV  
  24  2:27  SCV  
  24  2:29  Barracks Tech Lab  
  25  2:32  Factory  
  25  2:46  Command Center  
  25  2:54  Orbital Command  
  25  3:21  Factory Tech Lab  
  25  3:23  Barracks Reactor  
  25  3:25  Starport, Marine  
  25  3:26  SCV  
  27  3:38  SCV  
  27  3:43  Marine  
  28  3:50  SCV  
  29  4:01  Marine  
  30  4:02  Marine  
  30  4:03  Marine  
  30  4:06  Medivac  
  30  4:09  Siege Tank  
  37  4:15  Barracks  
  37  4:18  Marine  
  37  4:20  Engineering Bay  
  37  4:24  Orbital Command  
  38  4:42  SCV  
  38  4:44  Marine x2  
  41  4:45  Stimpack  
  41  4:46  Medivac  
  41  4:50  Terran Infantry Weapons Level 1  
  43  4:53  Supply Depot  
  43  4:54  SCV  
  44  5:05  Barracks Tech Lab  
  44  5:08  SCV  
  44  5:10  Ghost Academy  
  39  5:23  Orbital Command  
  39  5:34  Marine x4  
  43  5:39  SCV  
  44  5:48  Siege Tank  
  47  5:51  SCV  
  47  5:52  Barracks, Marine x4, Starport Reactor  
  47  5:53  SCV  
  53  6:03  Concussive Shells, SCV  
  54  6:11  Refinery  
  54  6:16  Supply Depot  
  54  6:37  Marine x2  
  54  6:38  SCV  
  56  6:44  Marine x2  
  56  6:53  SCV x2  
  58  6:54  Refinery  
  58  6:55  Medivac x2  
  58  6:56  Marine, Barracks Tech Lab  
  58  6:57  Marine  
  59  7:02  Marine x2, Supply Depot  
  59  7:05  SCV  
  62  7:13  Combat Shield  
  62  7:16  Terran Infantry Armor Level 1  
  62  7:21  Engineering Bay  
  62  7:22  Armory  
  62  7:24  Marine x4, Command Center  
  62  7:25  SCV x2  
  62  7:26  Supply Depot  
  68  7:43  Marine x2  
  70  7:47  Marine, Siege Tank  
  73  8:16  Marine x2  
  73  8:17  SCV x2  
  77  8:28  Siege Tank  
  78  8:34  SCV  
  66  8:44  Marine x4  
  66  8:47  SCV x2  
  73  8:48  Medivac  
  73  8:49  Medivac  
  73  8:53  Refinery  
  73  8:55  Orbital Command  
  76  8:59  SCV  
  76  9:00  Siege Tank  
  76  9:01  Marine  
  76  9:02  Marine x2  
  83  9:12  Marine  
  72  9:19  Marine x2, Command Center  
  72  9:20  Marine  
  75  9:29  Marine  
  76  9:31  Command Center  
  76  9:37  Marine x3  
  79  9:40  Supply Depot  
  79  9:46  Missile Turret  
  79  9:47  Marine  
  79  9:49  Barracks  
  74  9:55  Marine  
  74  9:59  Siege Tank  
  82  10:07  Factory  
  82  10:18  SCV  
  82  10:19  SCV x2  
  85  10:30  SCV  
  85  10:32  Unknown, Armory, Siege Tank  
  85  10:34  Unknown  
  89  10:37  Planetary Fortress  
Show
View Real Time Build Order
Export as new Build Order

Spatule Terran 

Build Orders:  

Get SALT Encoding   

  12  0:00  SCV  
  13  0:12  SCV  
  14  0:17  Supply Depot  
  14  0:24  SCV  
  15  0:35  Refinery  
  15  0:41  Barracks  
  15  0:45  SCV  
  16  0:57  SCV  
  17  1:09  SCV  
  18  1:21  SCV  
  19  1:33  SCV  
  20  1:40  Reaper  
  22  1:49  Command Center  
  22  1:53  Orbital Command  
  21  2:08  Refinery  
  21  2:12  Supply Depot  
  21  2:24  SCV  
  22  2:37  SCV  
  22  2:44  Factory  
  22  2:51  Barracks Reactor  
  22  2:52  Supply Depot  
  22  2:53  SCV  
  22  3:03  Orbital Command  
  22  3:05  SCV  
  23  3:09  Barracks  
  23  3:17  SCV  
  24  3:27  Marine x2  
  24  3:29  SCV  
  28  3:34  Supply Depot  
  28  3:38  Factory Tech Lab  
  27  3:41  Orbital Command, SCV  
  27  3:47  Marine x2  
  30  3:53  SCV  
  30  3:54  Engineering Bay  
  31  4:05  Marine x2, SCV  
  31  4:08  SCV  
  35  4:15  Barracks Reactor  
  35  4:17  Starport, SCV  
  35  4:20  SCV  
  35  4:23  Marine x2  
  39  4:30  SCV  
  40  4:38  Siege Tank  
  43  4:45  SCV x2  
  45  4:46  Marine x2, Missile Turret  
  45  4:51  Marine x2  
  49  4:55  Starport Tech Lab  
  49  5:00  Barracks  
  49  5:03  Barracks  
  49  5:06  SCV x2  
  51  5:08  Missile Turret  
  51  5:35  Medivac  
  53  5:40  Marine x2  
  53  5:41  SCV x2  
  57  5:44  Supply Depot  
  57  5:48  Siege Tank  
  60  5:50  Barracks Tech Lab  
  60  5:51  Barracks Tech Lab  
  60  5:53  SCV  
  60  5:56  Missile Turret  
  61  5:57  Marine  
  61  6:02  Supply Depot  
  62  6:05  Medivac, Marine  
  62  6:06  Command Center  
  62  6:07  Supply Depot  
  65  6:20  Marine x2  
  67  6:43  Marine x3  
  67  6:44  Marine x2  
  72  6:47  SCV x2  
  72  6:51  Refinery  
  72  6:53  Refinery, Marine  
  75  6:56  Stimpack, Combat Shield  
  75  6:59  SCV x2  
  77  7:01  Marine x4  
  81  7:11  SCV  
  82  7:16  Marine x2  
  82  7:19  Marine x4  
  72  7:46  Marine x2  
  72  7:47  Marauder x2  
  72  7:48  SCV x3  
  71  7:52  Siege Tank  
  74  8:01  Factory  
  74  8:04  Starport  
  74  8:05  Supply Depot  
  74  8:07  Supply Depot  
  74  8:09  Marine x2  
  76  8:15  Barracks  
  76  8:17  Orbital Command, Starport Reactor  
  76  8:24  Marine, Siege Tank  
  76  8:25  Marine x2  
  82  8:38  Marine x2  
  82  8:40  Terran Infantry Weapons Level 1  
  84  8:44  Engineering Bay  
  84  8:45  Armory  
  84  8:46  Starport  
  84  8:48  Factory Tech Lab  
  84  8:50  Starport Reactor  
  84  8:54  SCV x3  
  87  8:59  Medivac x2, Siege Tank  
  94  9:03  Concussive Shells  
  94  9:04  Marine  
  94  9:05  Marauder  
  94  9:06  SCV x3  
  94  9:07  Supply Depot  
  94  9:08  Missile Turret  
  94  9:09  Supply Depot  
  100  9:10  Barracks Reactor, Missile Turret  
  100  9:18  SCV x3  
  100  9:20  Refinery  
  100  9:23  Marine x3  
  100  9:24  Barracks, Marauder, Marine  
  107  9:30  SCV  
  107  9:31  Siege Tank  
  113  9:44  Medivac x2  
  113  9:45  Medivac, Starport Tech Lab  
  119  9:48  Barracks  
  119  9:51  Supply Depot  
  119  9:53  Supply Depot  
  119  9:59  SCV x3  
  122  10:01  Refinery  
  122  10:11  SCV x3  
  122  10:13  Marine x2  
  122  10:14  Marine x6  
  133  10:31  Marine x2  
  133  10:32  Marine  
  99  10:45  Marine x4  
  99  10:46  Marauder  
  99  10:49  Marine x3  
  102  10:58  Siege Tank  
  102  11:01  Siege Tank, SCV x2  
  102  11:03  Marine x3  
  113  11:04  Marauder  
  113  11:07  Marauder, Marine x2  
Tags
 
Composition
Lurkers
League
Platinum
Opening
Pool First
Replay Pack
init
Add a new tag
Caveats
  • Supply blocks, unpowered buildings, or Contaminate may cause inaccurate times.
  • Supply counts are checked every 10 seconds.